Map: Ruins of Endion

Players

Nerchio - Winner!

  • Race: Zerg Zerg

Polt

  • Race: Terran Terran

Event: DreamHack Open Tours WCS Spring Championship

VOD

https://www.youtube.com/watch?v=QWz614DVV4I

Description

Polt opens up with a Reaper Expand while Nerchio takes his natural expansion first. The first Reaper is pushed out of the natural by a few Zerglings and a Queen without doing much damage while he follows up with a quick Starport. The Reaper scouts Nerchio's 3rd Hatchery go down around 3:10. Polt follows with his own 3rd base around 4:00.

Polt begins Siege Tank harass but is quickly spotted by an Overlord and ultimately doesn't do any damage. Polt transitions into a standard bio tank army and with upgrades while Nerchio begins to build up his Roach count.

Polt drops 2 Medivacs full of Marines into Nerchio's base with a Tank covering from the low ground. He manages to take out hte first wave of Zerglings that come to defend but does not do any damage to structures as the Roaches come to reinforce. Meanwhile, Nerchio expands to his 4th base and continues.

After deflecting 2 more drops, Nerchio adds a few Infestors and Ravagers into his composition. Polt pushes out with a large clump of Tanks and Marines. Just outside of Nerchio's 3rd base, Nerchio sets up a big attack from 2 sides and manages to take out most of the Tanks that had been placed aggressively by the Medivacs. In the counter-push, Nerchio splits off several Roaches to attack Polt's 3rd base while using his Ravagers to setup a soft contain on Polt's army and natural. Polt pushes out after Nerchio backs off and cleans up his 3rd base.

Polt sends 3 Medivacs of bio units around the top to attack Nerchio's expansions whie he expands himself, but the entire drop is destroyed before dropping any units. Polt's main force runs into an army of Ravagers and Ultralisks and has to run away with only lifted Siege Tanks. When Nerchio pushes back across the map, Polt GGs.

Time

  • Played on: May 16, 2016, 5:55 a.m.
  • Length: 11:46

All games in this series

Show
View Real Time Build Order
Export as new Build Order

Nerchio Zerg - Winner!

Build Orders: Hatch First, Zergling Roach Ravager 

Get SALT Encoding   

  12  0:00  Drone  
  13  0:12  Overlord  
  13  0:18  Drone  
  14  0:31  Drone x2  
  14  0:34  Drone  
  17  0:52  Hatchery  
  17  0:55  Drone  
  17  0:58  Drone  
  17  1:03  Extractor  
  17  1:13  Spawning Pool  
  17  1:17  Drone  
  17  1:21  Drone  
  18  1:28  Drone  
  19  1:38  Overlord  
  19  1:53  Drone  
  20  2:00  Queen, Zergling x2  
  23  2:04  Queen  
  23  2:05  Zergling x2  
  26  2:08  Metabolic Boost  
  26  2:13  Zergling x2  
  26  2:15  Drone  
  28  2:21  Drone  
  29  2:26  Drone  
  30  2:34  Drone  
  30  2:35  Queen  
  30  2:36  Drone  
  34  2:44  Drone  
  35  2:46  Overlord  
  35  2:54  Drone  
  36  3:05  Drone x2  
  37  3:10  Hatchery  
  37  3:11  Drone  
  38  3:12  Drone  
  38  3:13  Drone x2  
  38  3:14  Drone  
  38  3:16  Drone  
  38  3:18  Drone  
  42  3:22  Overlord  
  42  3:26  Zergling x2  
  43  3:31  Overlord  
  43  3:40  Queen  
  45  3:42  Roach Warren  
  45  3:43  Drone  
  45  3:44  Drone  
  45  3:45  Zergling x2  
  45  3:46  Zergling x2  
  45  3:48  Zergling x2  
  49  3:52  Drone x2  
  50  3:56  Spore Crawler, Drone  
  50  4:03  Extractor  
  50  4:05  Zergling x2  
  50  4:08  Drone  
  50  4:09  Evolution Chamber  
  50  4:12  Zergling x6  
  50  4:15  Overlord  
  50  4:16  Drone  
  54  4:23  Drone  
  55  4:26  Drone x4  
  55  4:28  Lair  
  55  4:31  Extractor  
  58  4:34  Drone x2  
  60  4:38  Drone  
  60  4:42  Drone  
  60  4:43  Overlord  
  62  4:48  Evolution Chamber  
  61  4:53  Drone x2  
  61  4:54  Drone x2  
  61  4:56  Overlord x2  
  61  4:57  Drone  
  66  5:01  Overlord  
  66  5:03  Drone  
  66  5:04  Drone  
  68  5:07  Drone x2  
  68  5:09  Drone  
  71  5:14  Overlord  
  71  5:16  Overlord  
  71  5:19  Overlord  
  71  5:21  Overlord  
  71  5:29  Zerg Melee Weapons Level 1, Zerg Ground Armor Level 1  
  71  5:30  Glial Reconstitution  
  71  5:33  Roach  
  71  5:34  Overseer  
  73  5:37  Roach  
  73  5:40  Roach  
  73  5:41  Roach x2  
  80  5:43  Roach  
  80  5:45  Roach  
  80  5:47  Roach  
  84  5:51  Roach x2  
  84  5:55  Roach  
  84  5:56  Roach x2  
  94  5:58  Roach  
  94  5:59  Roach  
  94  6:03  Roach x2  
  102  6:09  Roach x2  
  102  6:10  Zergling x2  
  102  6:11  Zergling x6  
  110  6:13  Overlord  
  110  6:15  Overlord  
  110  6:21  Drone  
  110  6:22  Drone  
  110  6:23  Drone x2  
  114  6:28  Drone x2  
  114  6:29  Drone  
  117  6:33  Drone x3, Infestation Pit  
  117  6:34  Drone x2, Extractor x2  
  118  6:41  Roach x4  
  114  6:50  Drone x2  
  114  6:51  Drone  
  114  6:54  Extractor  
  116  6:56  Drone  
  116  6:59  Drone  
  116  7:00  Drone x3  
  121  7:05  Roach x4  
  125  7:11  Roach x2  
  125  7:13  Overlord x2  
  125  7:14  Hatchery  
  128  7:15  Overlord  
  128  7:19  Overlord  
  128  7:20  Overlord  
  128  7:30  Pneumatized Carapace  
  128  7:37  Zerg Ground Armor Level 2, Hive  
  128  7:39  Zerg Melee Weapons Level 2  
  128  7:43  Zergling x10  
  133  7:47  Zergling x4  
  135  7:52  Spore Crawler  
  135  7:54  Zergling x10, Extractor  
  138  8:00  Overlord  
  138  8:01  Infestor x2  
  138  8:03  Zergling x4  
  138  8:05  Zergling x2  
  145  8:10  Ravager  
  145  8:11  Ravager  
  145  8:12  Zergling x10  
  150  8:14  Zergling x2  
  151  8:21  Zergling x2  
  151  8:23  Spore Crawler, Queen  
  151  8:26  Zergling x4  
  155  8:32  Drone x3  
  155  8:33  Drone x2  
  160  8:34  Drone  
  161  8:49  Ultralisk Cavern  
  159  8:56  Ravager x3  
  159  8:57  Zergling x6  
  159  8:58  Drone x2  
  159  8:59  Overlord  
  159  9:00  Extractor  
  159  9:02  Roach  
  166  9:03  Ravager x2  
  166  9:05  Ravager x5, Zergling x2  
  166  9:06  Zergling x4  
  176  9:18  Roach x4  
  176  9:19  Overlord x2  
  184  9:28  Roach  
  184  9:29  Roach x4  
  168  9:32  Infestor x2  
  168  9:35  Overlord, Drone x3  
  168  9:39  Ravager  
  168  9:44  Chitinous Plating  
  169  9:46  Zergling x8  
  169  9:48  Zergling x2  
  169  9:51  Hatchery  
  173  9:55  Zergling x4  
  173  9:58  Zergling x4  
  177  10:06  Ultralisk x2  
  187  10:15  Ultralisk  
  187  10:19  Spore Crawler  
  187  10:20  Drone x3  
  175  10:21  Spore Crawler  
  175  10:25  Ultralisk  
  180  10:30  Ultralisk  
  186  10:36  Drone x2  
  186  10:42  Ultralisk  
  194  10:46  Extractor  
  194  10:49  Zergling x14  
  198  10:59  Drone  
Show
View Real Time Build Order
Export as new Build Order

Polt Terran 

Build Orders: Reaper Expand, Bio Tank 

Get SALT Encoding   

  12  0:00  SCV  
  13  0:13  SCV  
  14  0:17  Supply Depot  
  14  0:25  SCV  
  15  0:39  SCV, Barracks  
  16  0:43  Refinery  
  16  0:51  SCV  
  17  1:03  SCV  
  18  1:15  SCV  
  19  1:27  Orbital Command  
  19  1:28  Reaper  
  20  1:39  Command Center  
  20  1:51  Supply Depot  
  20  1:52  SCV  
  21  1:59  Marine  
  22  2:05  SCV  
  22  2:07  Factory  
  23  2:15  Refinery  
  23  2:17  SCV, Marine  
  25  2:29  SCV  
  26  2:35  Marine  
  27  2:41  SCV  
  28  2:52  Orbital Command  
  28  2:53  Starport  
  28  2:54  SCV  
  28  2:55  Barracks Reactor  
  28  2:57  Factory Tech Lab  
  29  3:06  SCV  
  30  3:18  SCV  
  30  3:19  SCV  
  32  3:20  Siege Tank  
  35  3:30  SCV  
  35  3:31  SCV  
  35  3:32  Supply Depot, Marine x2  
  39  3:38  Medivac  
  41  3:43  SCV x2  
  43  3:56  Command Center  
  43  3:58  SCV x2  
  44  4:07  Factory Reactor  
  44  4:08  Barracks  
  44  4:09  Viking  
  46  4:10  Barracks  
  46  4:12  SCV x2  
  48  4:22  Marine  
  49  4:24  SCV x2, Stimpack  
  49  4:26  Supply Depot  
  51  4:36  SCV  
  51  4:37  SCV  
  53  4:41  Engineering Bay  
  53  4:42  Engineering Bay  
  53  4:43  Starport Reactor  
  53  4:44  Refinery x2  
  53  4:49  SCV x2  
  55  4:55  Factory Tech Lab  
  56  5:01  Marine x2  
  56  5:04  Marine  
  56  5:05  SCV x2  
  60  5:08  Orbital Command  
  60  5:11  Terran Infantry Armor Level 1, Terran Infantry Weapons Level 1  
  60  5:17  SCV x2  
  60  5:20  Marine x4  
  66  5:22  Marine  
  66  5:24  Supply Depot  
  66  5:25  Supply Depot  
  67  5:29  Medivac, SCV x2  
  67  5:30  Medivac  
  67  5:34  SCV  
  74  5:39  Marine x3  
  77  5:46  Marine x2  
  79  5:50  SCV  
  79  5:51  SCV x2, Siege Tank  
  85  5:57  Supply Depot  
  85  5:58  Supply Depot  
  85  6:00  Supply Depot  
  85  6:02  SCV  
  85  6:03  SCV x2  
  88  6:04  Marine x5  
  93  6:16  Barracks  
  93  6:18  Medivac x2, SCV x3  
  93  6:19  Barracks  
  93  6:24  Marine x3  
  93  6:25  Marine x2  
  105  6:33  Combat Shields  
  105  6:35  SCV x3  
  108  6:42  Armory  
  103  6:57  Marine x5  
  103  6:59  Medivac, Siege Tank  
  103  7:00  Medivac  
  113  7:03  Factory, SCV x3  
  113  7:06  Refinery  
  113  7:07  Refinery  
  112  7:15  Marine x4  
  117  7:16  Marine, Barracks Reactor x2  
  117  7:30  Supply Depot x2  
  117  7:31  Supply Depot, Barracks  
  117  7:33  Barracks  
  117  7:34  SCV x3, Barracks  
  117  7:36  Marine x5  
  125  7:51  Medivac x2  
  125  7:52  Terran Infantry Weapons Level 2, Siege Tank  
  125  7:54  Terran Vehicle Weapons Level 1  
  125  7:55  Marine x6  
  138  7:58  Supply Depot  
  138  8:03  Supply Depot  
  138  8:04  Supply Depot  
  137  8:18  Factory Tech Lab, Terran Infantry Armor Level 2  
  137  8:28  Siege Tank  
  137  8:29  Marine x8  
  137  8:30  Barracks Tech Lab x2  
  137  8:31  Marine, Barracks Tech Lab  
  149  8:34  Medivac x2  
  149  8:37  Supply Depot, Command Center  
  149  8:38  Supply Depot  
  153  8:41  Siege Tank  
  155  8:54  Marine x2  
  155  8:55  Marine x10  
  167  9:03  Siege Tank  
  170  9:13  Siege Tank  
  170  9:14  Marauder x4  
  170  9:15  Marine x8  
  157  9:37  Marauder x4, Marine x8  
  161  9:43  Siege Tank  
  162  9:45  Siege Tank  
  165  9:56  Marine x6  
  165  9:58  Marauder x2  
  165  9:59  Marauder x2, Liberator x2  
  169  10:12  Orbital Command  
  165  10:19  SCV x2  
  165  10:41  Liberator  
  165  10:42  Liberator  
  145  11:06  Marauder x2, Marine x2  
  145  11:07  Marauder x2, Marine x6  

Tags
 
Add a new tag
Caveats
  • Supply blocks, unpowered buildings, or Contaminate may cause inaccurate times.
  • Supply counts are checked every 10 seconds.